 Dungeon Crawl Stone Soup version 0.29-a0-483-g69413ace17 (webtiles) character file.

Game seed: 12014217237944048869

847 Hubjo the Firebug (level 7, 0/41 HPs)
             Began as a Deep Elf Fire Elementalist on May 25, 2022.
             Slain by a gnoll sergeant
             ... wielding a +3 vampiric trident
              (19 damage)
             ... on level 5 of the Dungeon.
             The game lasted 00:06:35 (5988 turns).

Hubjo the Firebug (Deep Elf Fire Elementalist)      Turns: 5988, Time: 00:06:36

Health: 0/41       AC:  2    Str: 11    XL:     7   Next: 68%
Magic:  6/17       EV: 12    Int: 22    God:
Gold:   175        SH:  0    Dex: 15    Spells: 12/17 levels left

rFire   . . .      SeeInvis .   (no weapon)
rCold   . . .      Faith    .   (no shield)
rNeg    . . .      Spirit   .   a - +0 robe
rPois   .          Reflect  .   (no helmet)
rElec   .          Harm     .   (no cloak)
rCorr   .          Rampage  .   (no gloves)
Will    .....                   (no boots)
Stlth   +++.......              (no amulet)
HPRegen 0.13/turn               n - ring of wizardry
MPRegen 0.15/turn               m - +6 ring of strength

@: no status effects
A: no striking features
a: no special abilities


You were on level 5 of the Dungeon.
You visited 1 branch of the dungeon, and saw 5 of its levels.

You collected 175 gold pieces.

Inventory:

Missiles
 x - 6 curare-tipped darts
Armour
 a - a +0 robe (worn)
Jewellery
 m - a +6 ring of strength (right hand)
 n - a ring of wizardry (left hand)
 r - a ring of ice
 s - a +4 ring of slaying
 w - a ring of resist corrosion
Wands
 i - a wand of paralysis (10)
 p - a wand of flame (1)
Scrolls
 c - 2 scrolls of fear {unknown}
 d - 2 scrolls of blinking {unknown}
 e - a scroll of identify
 g - a scroll of magic mapping {unknown}
 o - 2 scrolls of enchant weapon {unknown}
 v - a scroll of immolation
Potions
 b - 2 potions of magic
 f - a potion of resistance {unknown}
 h - a potion of degeneration {unknown}
 j - 2 potions of brilliance {unknown}
 k - 4 potions of curing {unknown}
 l - a potion of berserk rage {unknown}
 q - a potion of invisibility {unknown}
 t - a potion of heal wounds {unknown}
 u - a potion of mutation {unknown}


   Skills:
 + Level 3.6 Fighting
 - Level 2.4 Dodging
 + Level 5.5 Stealth
 + Level 5.9 Spellcasting
 - Level 1.1 Conjurations
 * Level 6.3 Fire Magic


You had 12 spell levels left.
You knew the following spells:

 Your Spells              Type           Power      Damage    Failure   Level
a - Foxfire               Conj/Fire      88%        2x1d8     1%          1
b - Flame Wave            Conj/Fire      22%        2d7       9%          4

Your spell library contained the following spells:

 Spells                   Type           Power      Damage    Failure   Level
 Scorch                   Fire           68%        2d8       1%          2
 Conjure Flame            Conj/Fire      22%        6-21      2%          3
 Inner Flame              Hex/Fire       20%        N/A       3%          3
 Beastly Appendage        Tmut           12%        N/A       4%          1
 Wereblood                Tmut           6%         N/A       6%          2
 Spider Form              Tmut/Pois      6%         N/A       12%         3


Dungeon Overview and Level Annotations

Branches:
Dungeon (5/15)
 Temple: D:4-7

Altars:
Fedhas
Gozag
Kikubaaqudgha
Wu Jian

Shops:
D:3 ::


Message History

You conjure some foxfire!
The foxfire hits the gnoll but does no damage.
The gnoll is severely wounded.
The foxfire hits the gnoll but does no damage.
The gnoll is severely wounded.
The gnoll hits you with a +0 flail!
You conjure some foxfire!
The foxfire hits the gnoll.
You kill the gnoll!
You conjure some foxfire!
You conjure some foxfire!
Your foxfire dissipates! x3
Your foxfire dissipates! x2
A gnoll sergeant comes into view. It is wielding a +3 vampiric trident.
A gnoll sergeant is nearby!
A gnoll sergeant is nearby!
A gnoll sergeant is nearby!
You conjure some foxfire!
The gnoll sergeant hits you from afar with a +3 vampiric trident.
You conjure some foxfire!
The gnoll sergeant hits you from afar with a +3 vampiric trident!
You conjure some foxfire!
The foxfire hits the gnoll sergeant.
The gnoll sergeant is moderately wounded.
The foxfire hits the gnoll sergeant but does no damage.
The gnoll sergeant is moderately wounded.
The foxfire hits the gnoll sergeant but does no damage.
The gnoll sergeant is moderately wounded.
The foxfire hits the gnoll sergeant.
The gnoll sergeant is moderately wounded.
The gnoll sergeant hits you from afar with a +3 vampiric trident.
The gnoll sergeant draws strength from your wounds!
You are too injured to fight recklessly!
You are too injured to fight recklessly!
You are too injured to fight recklessly!
You are too injured to fight recklessly!
Casting: Foxfire (safe; 1% risk of failure)
Confirm with . or Enter, or press ? or * to list all spells.
You conjure some foxfire!
A gnoll comes into view. It is wielding a +0 whip.
The gnoll sergeant hits you from afar with a +3 vampiric trident!!
You die...

.......#........#.##..§..
......>#####...##.##..≈.♣
....... #.####.....≈§♣
.......# #.# ##..#§§.♣
....§.####.# ....#.≈.♣
...........# #.##.#.≈.♣
####.#..######. #.#.≈..
##.§vv....... #...≈≈≈
#..v@)......# ##.....
#g####g####.. #)..)# #.
†.. ####. . ....# #. #.
....# .. . §..... .. ##
....#.


You could see a gnoll sergeant (ally target) and a gnoll.

Vanquished Creatures
  Sigmund (D:2)
  An ice beast (D:5)
  A black bear (D:5)
  A phantom (D:5)
  A necrophage (D:5)
  A hound (D:5)
  Ijyb (D:5)
  An iguana (D:5)
  An orc wizard (D:5)
  9 gnolls
  6 adders
  An ufetubus (D:4)
  A worm (D:3)
  A dart slug (D:3)
  16 orcs
  4 endoplasms
  4 giant cockroaches
  2 goblins
  3 hobgoblins
  6 jackals (D:1)
  6 kobolds
  4 quokkas
  7 ball pythons
  11 bats
  3 frilled lizards
  A rat (D:2)
94 creatures vanquished.

Vanquished Creatures (others)
  839 foxfires
839 creatures vanquished.

Grand Total: 933 creatures vanquished

Notes
Turn   | Place    | Note
-------+----------+-------------------------------------------
     0 | D:1      | Hubjo the Deep Elf Fire Elementalist began the quest for
                  | the Orb.
     0 | D:1      | Reached XP level 1. HP: 10/10 MP: 6/6
   400 | D:1      | Reached XP level 2. HP: 16/16 MP: 4/8
   510 | D:1      | Reached skill level 1 in Fighting
  1174 | D:2      | Noticed Sigmund
  1180 | D:2      | Killed Sigmund
  1181 | D:2      | Reached skill level 4 in Fire Magic
  1181 | D:2      | Reached XP level 3. HP: 22/22 MP: 2/10
  1181 | D:2      | Reached XP level 4. HP: 27/27 MP: 2/12
  1181 | D:2      | Reached XP level 5. HP: 31/31 MP: 2/13
  1500 | D:2      | Learned a level 4 spell: Flame Wave
  1929 | D:2      | You fall into a shaft and drop 1 floor!
  2513 | D:3      | Found Exinoa's Book Shop.
  2556 | D:3      | Found an opulent altar of Gozag.
  2653 | D:3      | Found Itetheu's Book Shoppe.
  3690 | D:3      | Reached XP level 6. HP: 36/36 MP: 11/14
  4688 | D:4      | Found a blossoming altar of Fedhas.
  4986 | D:5      | Entered Level 5 of the Dungeon
  4993 | D:5      | Reached skill level 5 in Spellcasting
  4993 | D:5      | Reached skill level 5 in Fire Magic
  5468 | D:5      | Found an ornate altar of the Wu Jian Council.
  5494 | D:5      | Noticed an ice beast
  5571 | D:5      | Reached XP level 7. HP: 36/41 MP: 6/16
  5607 | D:5      | Reached skill level 5 in Stealth
  5867 | D:5      | Found an ancient bone altar of Kikubaaqudgha.
  5867 | D:5      | Noticed Ijyb
  5874 | D:5      | Reached skill level 6 in Fire Magic
  5880 | D:5      | Killed Ijyb
  5988 | D:5      | Slain by a gnoll sergeant

Illustrated notes

Levels and vault maps discovered:
D:1:      dpeg_arrival_rooms_c, layout_basic
D:2:      minmay_angry_zag, layout_basic, lemuel_another_geyser, uniq_sigmund
D:3:      layout_basic, grunt_gozag_statues, serial_shops, shop_fountains, shop,
          grunt_decor_arrowhead, grunt_ministairs_8
D:4:      layout_cave_pools, mainiacjoe_overflow_tiny_flanked
D:5:      layout_rooms, mainiacjoe_overflow_brackets,
          cheibrodos_ashenzari_chains, old_standard_altar,
          kennysheep_orc_sif_temple, uniq_duvessa, uniq_ijyb

Skill      XL: |  1  2  3  4  5  6  7 |
---------------+----------------------+-----
Fighting       | 2 3 |  3.6
Stealth        | 3 4 5 |  5.5
Spellcasting   | 4 5 |  5.9
Fire Magic     | 4 5 6 |  6.3
Dodging        | |  2.4
Conjurations   | |  1.1

Action                   |  1- 3 |  4- 6 |  7- 9 || total
-------------------------+-------+-------+-------++-------
Melee: Unarmed           |       |     1 |       ||     1
 Cast: Foxfire           |    91 |   341 |    51 ||   483
       Flame Wave        |       |     1 |       ||     1
  Use: Scroll            |       |     7 |       ||     7
Armor: Robe              |     1 |     2 |       ||     3
Dodge: Dodged            |       |    13 |     1 ||    14

Table legend: (Time is in decaauts)
 A = Elapsed time spent in this place.
 B = Non-inter-level travel time spent in this place.
 C = Inter-level travel time spent in this place.
 D = Time resting spent in this place.
 E = Time spent auto-exploring this place.
 F = Levels seen in this place.
 G = Mean time per level.
                   A        B        C        D        E       F      G
               +--------+--------+--------+--------+--------+-----+--------+
         Total |   5986 |   5887 |     99 |      5 |   5133 |   5 | 1197.2 |
       Dungeon |   5986 |   5887 |     99 |      5 |   5133 |   5 | 1197.2 |
               +--------+--------+--------+--------+--------+-----+--------+

Top non-repeatable levels by time:
     D:3: 1819 daAuts
     D:2: 1201 daAuts
     D:4: 1002 daAuts
     D:5: 1001 daAuts
     D:1: 961 daAuts
